 Dungeon Crawl Stone Soup version 0.27-a0-1555-g0e7b3fb1d2 (webtiles) character file.

Game seed: 11909899325402698454

18457 zazu2006 the Covert (level 12, -16/102 HPs)
             Began as a Naga Hedge Wizard on July 14, 2021.
             Was a Believer of Vehumet.
             Demolished by a death yak simulacrum (48 damage)
             ... in an ice cave.
             The game lasted 00:36:37 (15635 turns).

zazu2006 the Covert (Naga Hedge Wizard)            Turns: 15635, Time: 00:36:38

Health: -16/102    AC: 14    Str: 20    XL:     12   Next: 58%
Magic:  4/24       EV: 15    Int: 17    God:    Vehumet [**....]
Gold:   1139       SH:  0    Dex: 16    Spells: 19/28 levels left

rFire    + . .     SeeInvis +   Q - +4 falchion (freeze)
rCold    x . .     Faith    .   (no shield)
rNeg     + . .     Spirit   .   P - +2 acid dragon scales
rPois    +         Reflect  .   R - +1 hat
rElec    .         Harm     .   q - +0 cloak
rCorr    +         Rampage  .   a - +0 pair of gloves
Will     +....                  (no barding)
Stlth    +++++.....             (no amulet)
HPRegen  0.27/turn              N - ring of Geceicsa {Fire rN+ Str+6 Dex+4}
MPRegen  0.19/turn              A - +4 ring of evasion

@: very slow
A: AC +4, large, see invisible, deformed body, poison resistance, slowness 2,
spit poison 1, naga tail 1
a: Spit Poison, Renounce Religion


You were in an ice cave.
You worshipped Vehumet.
Vehumet was pleased with you.
You visited 3 branches of the dungeon, and saw 14 of its levels.
You also visited: Bailey and Ice Cave.

You collected 1139 gold pieces.

Inventory:

Hand Weapons
 l - a +1 short sword of venom
 p - a +0 dagger of electrocution
 Q - a +4 falchion of freezing (weapon)
Missiles
 w - 4 throwing nets
 H - a curare-tipped dart
Armour
 a - a +0 pair of gloves (worn)
 m - a +2 troll leather armour {Snorg}
 q - a +0 cloak (worn)
 t - a +0 scale mail of poison resistance
 O - a +0 leather armour of fire resistance
 P - +2 acid dragon scales (worn)
 R - a +1 hat (worn)
Jewellery
 h - a ring of magical power
 x - a ring of protection from cold
 A - a +4 ring of evasion (right hand)
 I - a ring of resist corrosion
 N - the ring of Geceicsa (left hand) {Fire rN+ Str+6 Dex+4}
   (You found it on level 8 of the Dungeon)

   [ring of fire]

   It enhances your fire magic.
   Str:       It affects your strength (+6).
   Dex:       It affects your dexterity (+4).
   rF:        It protects you from fire.
   rC:        It makes you vulnerable to cold.
   rN:        It protects you from negative energy.
Wands
 d - a wand of polymorph (6)
 f - a wand of iceblast (20)
 K - a wand of paralysis (1)
Scrolls
 c - 2 scrolls of acquirement
 k - 3 scrolls of noise
 o - a scroll of blinking
 s - 2 scrolls of immolation
 u - 3 scrolls of amnesia
 z - 3 scrolls of enchant armour
 D - a scroll of brand weapon
 F - 2 scrolls of teleportation
 G - a scroll of fear
 M - 2 scrolls of magic mapping
Potions
 b - 4 potions of haste
 e - 2 potions of brilliance {unknown}
 g - 4 potions of lignification
 i - 2 potions of flight
 j - 2 potions of attraction {unknown}
 n - 2 potions of invisibility {unknown}
 r - 2 potions of berserk rage
 v - a potion of might {unknown}
 B - a potion of ambrosia
 C - 4 potions of curing
 L - 2 potions of mutation {unknown}
 S - a potion of degeneration {unknown}


   Skills:
 + Level 4.9 Fighting
 + Level 4.7 Long Blades
 + Level 5.7 Armour
 + Level 5.2 Dodging
 + Level 13.4 Stealth
 + Level 8.9 Spellcasting
 + Level 7.1 Conjurations
 + Level 1.2 Summonings
 + Level 4.1 Translocations
 + Level 0.8 Fire Magic
 + Level 4.6 Air Magic
 + Level 5.6 Poison Magic
 + Level 3.2 Evocations


You had 19 spell levels left.
You knew the following spells:

 Your Spells              Type           Power      Damage    Failure   Level
a - Magic Dart            Conj           100%       1d8       1%          1
b - Mephitic Cloud        Conj/Pois/Air  27%        N/A       3%          3
c - Conjure Flame         Conj/Fire      31%        6-21      7%          3
d - Blink                 Tloc           N/A        N/A       3%          2

Your spell library contained the following spells:

 Spells                   Type           Power      Damage    Failure   Level
 Freeze                   Ice            28%        1d5       12%         1
 Poisonous Vapours        Pois/Air       50%        N/A       2%          2
 Sting                    Tmut/Pois      68%        1d6       3%          1
 Lesser Beckoning         Tloc           10%        N/A       7%          3
 Call Imp                 Summ           11%        N/A       11%         2
 Slow                     Hex            7%         N/A       19%         2
 Summon Guardian Golem    Hex/Summ       9%         N/A       28%         3
 Frozen Ramparts          Ice            14%        1d3       36%         3
 Manifold Assault         Tloc           21%        N/A       52%         5
 Freezing Cloud           Conj/Ice/Air   10%        6-21      54%         5
 Summon Ice Beast         Ice/Summ       9%         N/A       67%         4
 Summon Forest            Summ/Tloc      8%         N/A       73%         5
 Ice Form                 Ice/Tmut       7%         N/A       77%         4
 Summon Mana Viper        Hex/Summ       9%         N/A       95%         5
 Orb of Destruction       Conj           15%        9d7       99%         7
 Shadow Creatures         Summ           N/A        N/A       100%        6
 Dragon Form              Tmut           3%         N/A       100%        7
 Spellforged Servitor     Conj/Summ      10%        N/A       100%        7
 Storm Form               Tmut/Air       7%         N/A       100%        7


Dungeon Overview and Level Annotations

Branches:
Dungeon (12/15)            Temple (1/1) D:4            Lair (1/6) D:8
 Bailey (visited)           IceCv (1/1)
    Orc: D:9-12

Altars:
Ashenzari
Cheibriados
Dithmenos
Elyvilon
Fedhas
Gozag
Hepliaklqana
Kikubaaqudgha
Makhleb
Nemelex Xobeh
Okawaru
Qazlal
Ru
Sif Muna
Trog
Uskayaw
Vehumet
Wu Jian
Xom
Yredelemnul
Zin
The Shining One

Shops:
D:6 (   D:12 [

Annotations:
D:11 3 runed translucent doors


Innate Abilities, Weirdness & Mutations

Your serpentine skin is tough. (AC +4)
You have supernaturally acute eyesight. (SInv)
Armour fits poorly on your strangely shaped body.
Your system is resistant to poisons. (rPois)
You cover ground very slowly.
You can spit poison.
You have a snake-like lower body.


Message History

Confirm with . or Enter, or press ? or * to list all spells.
You blink.
The white imp gestures at you.
The puff of frost hits you but does no damage.
The death yak simulacrum closely misses you.
You riposte.
You hit the death yak simulacrum.
The death yak simulacrum is almost destroyed.
You slash the death yak simulacrum!
The death yak simulacrum vapourises!
Vehumet accepts your kill.
You feel your power returning. The white imp gestures at you.
The puff of frost misses you.
Unknown command.
You slash the white imp!
The white imp is almost dead.
The white imp gestures at you. The puff of frost misses you.
You closely miss the white imp.
The white imp is almost dead.
The white imp closely misses you.
The death yak simulacrum completely misses you.
You hit the white imp.
You kill the white imp!
Vehumet accepts your kill.
You feel your power returning.
The death yak simulacrum barely misses you.
Casting: Blink (safe; 3% risk of failure)
Confirm with . or Enter, or press ? or * to list all spells.
You blink.
Casting: Blink (safe; 3% risk of failure)
Confirm with . or Enter, or press ? or * to list all spells.
You feel a surge of power!
The fire begins to smoulder!
The fire ignites!
You hit the death yak simulacrum.
The death yak simulacrum is moderately damaged.
The death yak simulacrum is engulfed in blazing flames.
The death yak simulacrum gores you! The death yak simulacrum freezes you!!!
You feel a terrible chill!
You die...

##...## ≈≈≈##
##...# ≈≈#.# #...##
≈≈≈≈.. #...###≈≈≈#
##...#.≈≈≈#
##....≈≈# ##..##≈#
##..## #.@##
####.Z####
##.#....#.##
##..........##
#............##
#.............####
##...............##
##........###....#
####...### ###...#


You could see a death yak simulacrum.

Vanquished Creatures
  Gastronok (D:10)
  Snorg (D:11)
  Josephine (D:11)
  Harold (D:7)
  3 two-headed ogres (D:11)
  Nergalle (D:10)
  Pikel (D:7)
  An ugly thing (D:11)
  2 cyclopes (D:11)
  An elephant (Lair:1)
  Joseph (D:10)
  Maggie (D:10)
  3 komodo dragons
  A troll (D:11)
  8 blink frogs (Lair:1)
  Sigmund (D:5)
  10 yaks (D:9)
  3 wraiths (D:11)
  2 steam dragons
  2 death yak simulacra (IceCv)
  An acid dragon (D:11)
  A water moccasin (Lair:1)
  9 orc warriors
  A sky beast (D:5)
  3 black bears
  4 ogres
  A hornet zombie (D:6)
  2 necrophages
  A wolf (Lair:1)
  2 centaurs
  A lemure (D:7)
  2 kobold brigands
  2 scorpions (D:6)
  A two-headed ogre simulacrum (IceCv)
  A wyvern zombie (D:7)
  3 bullfrogs
  2 cane toad simulacra (IceCv)
  2 elephant simulacra (IceCv)
  3 killer bees (D:10)
  9 wights
  2 howler monkeys
  10 orc priests
  5 centaur zombies
  A hound (D:6)
  Crazy Yiuf (D:2)
  Jessica (D:2)
  An iguana (D:5)
  Ijyb (D:4)
  8 orc wizards
  A troll simulacrum (IceCv)
  2 polar bear simulacra (IceCv)
  2 killer bee zombies
  A howler monkey zombie (D:10)
  A howler monkey skeleton (D:7)
  4 adders
  A naga simulacrum (IceCv)
  A shadow imp (D:5)
  6 white imps
  3 ufetubi
  An adder skeleton (D:4)
  A worm (D:3)
  4 dart slugs
  34 orcs
  4 ball pythons
  10 bats
  6 endoplasms
  2 giant cockroaches (D:2)
  9 goblins
  4 hobgoblins
  4 jackals
  32 kobolds
  A quokka (D:1)
  5 frilled lizards
  5 rats
270 creatures vanquished.

Vanquished Creatures (collateral kills)
  2 killer bees (D:10)
2 creatures vanquished.

Vanquished Creatures (others)
  A killer bee (D:10)
  An orc (D:7)
  6 fungi (Lair:1)
  6 plants (Lair:1)
14 creatures vanquished.

Grand Total: 286 creatures vanquished

Notes
Turn   | Place    | Note
-------+----------+-------------------------------------------
     0 | D:1      | zazu2006 the Naga Hedge Wizard began the quest for the Orb.
     0 | D:1      | Reached XP level 1. HP: 15/15 MP: 4/4
   291 | D:1      | Reached XP level 2. HP: 22/22 MP: 0/6
  1033 | D:2      | Reached XP level 3. HP: 28/28 MP: 4/8
  1037 | D:2      | Learned a level 3 spell: Mephitic Cloud
  1041 | D:2      | Learned a level 3 spell: Conjure Flame
  1045 | D:2      | Learned a level 2 spell: Blink
  1536 | D:2      | Found a runed translucent door.
  1537 | D:2      | Noticed Crazy Yiuf
  1864 | D:2      | Noticed Jessica
  1867 | D:2      | Killed Jessica
  1868 | D:2      | Reached XP level 4. HP: 13/36 MP: 7/9
  2443 | D:2      | Killed Crazy Yiuf
  2444 | D:2      | Reached skill level 1 in Armour
  2762 | D:3      | Found a shimmering altar of Xom.
  2807 | D:3      | Reached XP level 5. HP: 33/43 MP: 5/11
  3219 | D:3      | Got the Tome of Vitriolic Transformation
  3287 | D:3      | Found a sacrificial altar of Ru.
  3817 | D:4      | Noticed Ijyb
  3817 | D:4      | Paralysed by Ijyb for 5 turns
  3839 | D:4      | Killed Ijyb
  4080 | D:4      | Found a staircase to the Ecumenical Temple.
  4217 | D:4      | Noticed an ogre
  4222 | D:4      | Killed an ogre
  4223 | D:4      | Reached skill level 1 in Fighting
  4223 | D:4      | Reached XP level 6. HP: 51/51 MP: 2/12
  4532 | D:4      | Found an ancient bone altar of Kikubaaqudgha.
  4662 | D:5      | Entered Level 5 of the Dungeon
  4708 | D:5      | Noticed a black bear
  4722 | D:5      | Reached skill level 4 in Stealth
  4722 | D:5      | Reached skill level 1 in Poison Magic
  4731 | D:5      | Killed a black bear
  4732 | D:5      | Reached XP level 7. HP: 45/57 MP: 4/13
  4892 | D:5      | Found a broken altar of Ashenzari.
  4923 | D:5      | Found a glowing silver altar of Zin.
  4928 | D:5      | Found a blossoming altar of Fedhas.
  4928 | D:5      | Found a snail-covered altar of Cheibriados.
  5018 | D:5      | Reached skill level 1 in Air Magic
  5043 | D:5      | Noticed Sigmund
  5062 | D:5      | Killed Sigmund
  5063 | D:5      | Reached skill level 5 in Spellcasting
  5230 | D:5      | Reached skill level 5 in Stealth
  5230 | D:5      | Reached XP level 8. HP: 48/67 MP: 7/15
  5425 | D:5      | You fall into a shaft and drop 1 floor!
  5725 | D:6      | Found Leog's Weapon Boutique.
  6199 | D:6      | Reached skill level 6 in Stealth
  6327 | D:7      | Found a shadowy altar of Dithmenos.
  6337 | D:7      | Identified a scroll of acquirement
  6356 | D:7      | Noticed Harold
  6445 | D:7      | Reached skill level 7 in Stealth
  6445 | D:7      | Reached XP level 9. HP: 34/74 MP: 11/17
  6493 | D:7      | Found a flagged portal.
  6503 | Bailey   | Entered a bailey
  7519 | D:7      | Noticed Pikel
  7525 | D:7      | Killed Harold
  7526 | D:7      | Reached skill level 8 in Stealth
  7526 | D:7      | Reached skill level 5 in Conjurations
  7526 | D:7      | Reached skill level 1 in Evocations
  8037 | D:7      | Killed Pikel
  8038 | D:7      | Reached XP level 10. HP: 62/84 MP: 11/20
  8289 | D:7      | Found a white marble altar of Elyvilon.
  8653 | Temple   | Entered the Ecumenical Temple
  8724 | Temple   | Became a worshipper of Vehumet
  9004 | D:8      | Identified the ring of Geceicsa {Fire rN+ Str+6 Dex+4}
  9138 | D:8      | Found a bloodstained altar of Trog.
  9138 | D:8      | Found an iron altar of Okawaru.
  9587 | D:8      | Found a staircase to the Lair.
  9827 | D:8      | Reached skill level 9 in Stealth
 10931 | D:10     | Entered Level 10 of the Dungeon
 11002 | D:10     | Noticed Maggie
 11011 | D:10     | Killed Maggie
 11012 | D:10     | Reached skill level 5 in Armour
 11012 | D:10     | Reached skill level 10 in Stealth
 11161 | D:10     | Reached * piety under Vehumet
 11161 | D:10     | Offered knowledge of Sandblast by Vehumet.
 11207 | D:10     | Noticed Nergalle
 11218 | D:10     | Killed Nergalle
 11219 | D:10     | Reached XP level 11. HP: 86/92 MP: 18/22
 11367 | D:10     | Reached skill level 11 in Stealth
 11391 | D:10     | Found a hide-covered altar of Uskayaw.
 11462 | D:10     | Noticed Joseph
 11466 | D:10     | Killed Joseph
 11467 | D:10     | Noticed Gastronok
 11519 | D:10     | Killed Gastronok
 11520 | D:10     | Reached skill level 12 in Stealth
 11520 | D:10     | Reached skill level 5 in Poison Magic
 11935 | D:11     | Noticed a cyclops
 11940 | D:11     | Killed a cyclops
 12064 | D:11     | Noticed a brown ugly thing
 12078 | D:11     | Killed a brown ugly thing
 12226 | D:11     | Noticed a cyclops
 12239 | D:11     | Killed a cyclops
 12354 | D:11     | Reached skill level 1 in Long Blades
 12371 | D:11     | Noticed a two-headed ogre
 12386 | D:11     | Killed a two-headed ogre
 12741 | D:11     | Noticed Snorg
 12741 | D:11     | Noticed Josephine
 12770 | D:11     | Killed Josephine
 12771 | D:11     | Reached skill level 5 in Dodging
 12771 | D:11     | Reached skill level 13 in Stealth
 13178 | D:11     | Noticed a two-headed ogre
 13194 | D:11     | Killed a two-headed ogre
 13195 | D:11     | Reached XP level 12. HP: 36/100 MP: 17/24
 13856 | D:11     | Noticed a two-headed ogre
 13868 | D:11     | Killed a two-headed ogre
 13926 | D:11     | Found a runed translucent gate.
 13927 | D:11     | Noticed a white very ugly thing
 13928 | D:11     | Found a runed translucent gate.
 13929 | D:11     | Found a runed translucent gate.
 14299 | D:11     | Killed Snorg
 14401 | D:12     | Found Cheibriados's Comfort Zone.
 14401 | D:12     | Found a snail-covered altar of Cheibriados.
 14530 | D:12     | Reached ** piety under Vehumet
 14801 | Lair:1   | Entered Level 1 of the Lair of Beasts
 14902 | Lair:1   | Offered knowledge of Freeze by Vehumet.
 14909 | Lair:1   | HP: 4/102 [blink frog (5)]
 14953 | Lair:1   | Found a frozen archway.
 14963 | IceCv    | Entered an ice cave
 15570 | IceCv    | HP: 4/102 [death yak simulacrum (39)]
 15635 | IceCv    | Demolished by a death yak simulacrum

Illustrated notes

Levels and vault maps discovered:
D:1:      psy_arrival_dodecagon, layout_basic, minmay_unequal
D:2:      minmay_door_path, layout_basic, minmay_vboxes,
          uniq_crazy_yiuf_cottage, uniq_jessica
D:3:      layout_loops_ring, marbit_many_paths, mainiacjoe_overflow_paths
D:4:      layout_basic, lemuel_coloured_pillars_altar, temple_statues, uniq_ijyb
D:5:      layout_loops_cross, gammafunk_temple_overflow_forgotten,
          ashenzari_altar_1, uniq_sigmund
D:6:      layout_loops_ring, serial_shops, shop_fountains,
          minmay_misc_feat_doors
D:7:      layout_rooms, elyvilon_altar_1, nicolae_dithmenos_shadow_blocks,
          enter_bailey_2, chequers_serial_rivers_small_b, uniq_pikel,
          uniq_harold
D:8:      layout_loops_corners, grunt_temple_overflow_bloody_war,
          dpeg_oklobed_lair
D:9:      layout_long_grid
D:10:     layout_roguey, nicolae_uskayaw_dance_hall, minmay_misc_feat_plants,
          kennysheep_generic_room_3, uniq_joseph, uniq_gastronok, uniq_nergalle,
          uniq_maggie
D:11:     layout_roguey, ploomutoo_gammafunk_ghost_potion_laboratory,
          uniq_snorg, uniq_josephine
D:12:     layout_long_grid, erik_orc_2, minmay_shop_chei,
          onia_ninara_dug_in_and_dangerous
Temple:   cyrus_temple_forest
Lair:1:   layout_chaotic_city, portal_ice_cave_entry_pillars_2,
          beast_lair_carwin_10
IceCv:    ice_cave_small_necro

Skill      XL: |  1  2  3  4  5  6  7  8  9 10 11 12 |
---------------+-------------------------------------+-----
Armour         | 1 2 3 4 5 |  5.7
Dodging        | 2 3 4 5 |  5.2
Spellcasting   | 4 5 7 8 |  8.9
Conjurations   | 2 3 4 5 6 7 |  7.1
Fighting       | 1 2 3 4 |  4.9
Stealth        | 4 5 7 8 10 13 | 13.4
Poison Magic   | 1 2 3 4 5 |  5.6
Air Magic      | 1 2 3 4 |  4.6
Translocations | 2 3 4 |  4.1
Evocations     | 2 3 |  3.2
Long Blades    | 3 4 |  4.7
Summonings     | |  1.2
Fire Magic     | |  0.8

Action                   |  1- 3 |  4- 6 |  7- 9 | 10-12 || total
-------------------------+-------+-------+-------+-------++-------
Melee: Dagger            |    13 |    47 |   259 |   169 ||   488
       Unarmed           |       |       |     5 |       ||     5
       Falchion          |       |       |       |   196 ||   196
 Cast: Magic Dart        |    65 |    68 |    62 |    97 ||   292
       Mephitic Cloud    |       |     6 |    28 |    53 ||    87
       Blink             |       |       |     8 |    48 ||    56
       Conjure Flame     |       |       |     4 |    20 ||    24
 Abil: Spit Poison       |    12 |     2 |     9 |     5 ||    28
Evoke: Wand              |       |       |    12 |    28 ||    40
  Use: Scroll            |       |       |    11 |     9 ||    20
       Potion            |       |       |     3 |     8 ||    11
 Stab: Sleeping          |     1 |       |     4 |    11 ||    16
       Invisible         |       |     1 |       |       ||     1
       Confused          |       |     2 |    15 |    40 ||    57
       Paralysed         |       |       |       |     4 ||     4
Armor: Leather armour    |     2 |    35 |    53 |    27 ||   117
       Acid dragon scale |       |       |       |   111 ||   111
Dodge: Dodged            |    12 |    39 |   203 |   344 ||   598
       Rpst.: Falchion   |       |       |       |    46 ||    46

Table legend: (Time is in decaauts)
 A = Elapsed time spent in this place.
 B = Non-inter-level travel time spent in this place.
 C = Inter-level travel time spent in this place.
 D = Time resting spent in this place.
 E = Time spent auto-exploring this place.
 F = Levels seen in this place.
 G = Mean time per level.
                   A        B        C        D        E       F      G
               +--------+--------+--------+--------+--------+-----+--------+
         Total |  18581 |  17771 |    810 |   2207 |  12588 |  16 | 1161.3 |
       Dungeon |  16736 |  15984 |    752 |   1290 |  12326 |  12 | 1394.7 |
        Temple |    156 |     99 |     57 |      0 |     75 |   1 |  156.0 |
          Lair |    190 |    190 |      0 |      0 |      0 |   1 |  190.0 |
        Bailey |    809 |    809 |      0 |    386 |    183 |   1 |  809.0 |
      Ice Cave |    689 |    689 |      0 |    531 |      2 |   1 |  689.0 |
               +--------+--------+--------+--------+--------+-----+--------+

Top non-repeatable levels by time:
    D:11: 2796 daAuts
     D:2: 2234 daAuts
     D:8: 1880 daAuts
     D:3: 1353 daAuts
     D:7: 1309 daAuts
     D:9: 1279 daAuts
    D:10: 1233 daAuts
     D:6: 1186 daAuts
     D:4: 1100 daAuts
     D:1: 1027 daAuts
     D:5: 986 daAuts
  Bailey: 809 daAuts
   IceCv: 689 daAuts
    D:12: 348 daAuts
  Lair:1: 190 daAuts
